 Dungeon Crawl Stone Soup version 0.13-a0-2606-g170388b (webtiles) character file.

634 Kae the Basher (level 7, -1/59 HPs)
             Began as a Minotaur Berserker on Aug 4, 2013.
             Was an Elder of Trog.
             Killed by divine providence
             ... invoked by an orc priest
              (15 damage)
             ... on Level 4 of the Dungeon.
             The game lasted 00:02:43 (3447 turns).

Kae the Basher (Minotaur Berserker)                 Turns: 3447, Time: 00:02:44

HP  -1/59        AC  4     Str 22      XL: 7   Next:  1%
MP   2/2         EV 12     Int  4      God: Trog [****..]
Gold 115         SH  0     Dex 11      Spells:  0 memorised,  6 levels left

Res.Fire  : . . .   See Invis. : .   a - +0 mace
Res.Cold  : . . .   Warding    : .   b - +0 animal skin
Life Prot.: . . .   Conserve   : .   (no shield)
Res.Poison: .       Res.Corr.  : .   (helmet restricted)
Res.Elec. : .       Clarity    : .   B - +0 cloak
Sust.Abil.: . .     Spirit.Shd : .   (no gloves)
Res.Mut.  : .       Stasis     : .   h - +0 pair of boots
Res.Rott. : .       Flight     : .   (no amulet)
Saprovore : . . .                    (no ring)
                                     (no ring)

@: regenerating, very resistant to hostile enchantments, unstealthy
A: retaliatory headbutt, horns 2
a: Burn Spellbooks, Berserk, Trog's Hand, Brothers in Arms, Renounce Religion


You were on level 4 of the Dungeon.
You worshipped Trog.
Trog was extremely pleased with you.
You were hungry.

You visited 1 branch of the dungeon, and saw 4 of its levels.

You collected 95 gold pieces.

Inventory:

Hand weapons
 a - a +0,+0 mace (weapon)
Armour
 b - a +0 animal skin (worn)
 h - a +0 pair of boots (worn)
 B - a +0 cloak (worn)
Comestibles
 c - 3 bread rations
 n - 2 meat rations
 w - 5 grapes
Scrolls
 f - a scroll of magic mapping {unknown}
 i - a scroll of curse weapon {unknown}
 j - 3 scrolls of enchant weapon II {unknown}
 k - a scroll of teleportation {unknown}
 m - a scroll of fear {unknown}
 o - 4 scrolls of fog {unknown}
 p - 3 scrolls of identify {unknown}
 q - 2 scrolls of enchant armour {unknown}
 r - a scroll of enchant weapon I {unknown}
 s - 2 scrolls of remove curse {unknown}
 u - a scroll of blinking {unknown}
 x - a scroll of recharging {unknown}
 y - a scroll of amnesia {unknown}
Jewellery
 A - an uncursed amulet of warding {unknown}
 C - a +0,+6 ring of slaying {unknown}
Potions
 d - a potion of heal wounds {unknown}
 e - 3 potions of brilliance {unknown}
 g - a potion of agility {unknown}
 l - a potion of poison {unknown}
 t - a potion of confusion {unknown}
 v - a potion of mutation {unknown}
 z - a potion of berserk rage {unknown}


   Skills:
 - Level 3.7 Fighting
 + Level 9.5 Maces & Flails
 - Level 2.5 Armour
 - Level 2.1 Dodging


You had 6 spell levels left.
You didn't know any spells.

Dungeon Overview and Level Annotations

Branches:
Dungeon (4/27)
 Temple: D:4-7

Altars:
Cheibriados
Okawaru


Innate Abilities, Weirdness & Mutations

You reflexively headbutt those who attack you in melee.
You have a pair of horns on your head.


Message History

It hits you.
You sock it!
The orc wizard hits you with an orcish dagger.
You hear some strange, mumbled words.
The magic dart hits you!
* * * LOW HITPOINT WARNING * * *
You miss it. Your headbutt misses it. The orc wizard barely misses you.
You furiously retaliate!
You headbutt the orc wizard. It completely misses you.
You miss it. You headbutt it! Trog accepts your kill.
Trog appreciates your killing of a magic user.
Reactivating autopickup.
You have reached level 7!
You feel a bit more experienced.
The orc wizard mumbles some strange words.
The orc wizard flickers and vanishes!
Deactivating autopickup; reactivate with Ctrl-A.
The orc priest mumbles some strange prayers to Beogh against you.
Something smites you!
You die...

#.# ##......... #..
........... #.#
#.....>.... #.#
#..........
#####'####..........
#..........#..######
#..........#..######
#........).#.......#
###@%..............'
#)#.######.......#
#o#..............#
#o########.......#
#.# #.......# #.#
##......# #.#
#......# #.#
####......# #.#
#.##......#


You could see an orc priest and an orc.

Vanquished Creatures
  A phantom (D:4)
  An ogre (D:4)
  A hound (D:4)
  2 worker ants
  4 orc wizards
  4 adders
  A worm (D:3)
  3 giant mites (D:3)
  An ooze (D:3)
  13 orcs
  7 bats
  A bat skeleton (D:4)
  4 giant cockroaches
  9 hobgoblins
  2 jackals (D:2)
  4 quokkas
  A ball python (D:1)
  2 giant geckos
  6 giant newts
  7 goblins
  9 kobolds
  9 rats
92 creatures vanquished.

Notes
Turn   | Place    | Note
--------------------------------------------------------------
     0 | D:1      | Kae, the Minotaur Berserker, began the quest for the Orb.
     0 | D:1      | Reached XP level 1. HP: 19/19 MP: 0/0
    58 | D:1      | Reached skill level 4 in Maces & Flails
   110 | D:1      | Reached XP level 2. HP: 19/26 MP: 0/0
   226 | D:1      | Acquired Trog's second power
   764 | D:2      | Found an iron altar of Okawaru.
  1034 | D:2      | Reached skill level 5 in Maces & Flails
  1039 | D:2      | Reached XP level 3. HP: 30/33 MP: 1/1
  1192 | D:2      | Found a snail-covered altar of Cheibriados.
  1572 | D:3      | Reached XP level 4. HP: 29/39 MP: 1/1
  1579 | D:3      | Reached skill level 6 in Maces & Flails
  2023 | D:3      | Reached skill level 7 in Maces & Flails
  2023 | D:3      | Reached XP level 5. HP: 40/46 MP: 1/1
  2900 | D:4      | Reached skill level 8 in Maces & Flails
  2915 | D:4      | Reached XP level 6. HP: 36/52 MP: 2/2
  2946 | D:4      | Acquired Trog's third power
  2953 | D:4      | Noticed a phantom
  2970 | D:4      | Killed a phantom
  3348 | D:4      | Reached skill level 9 in Maces & Flails
  3401 | D:4      | Noticed an ogre
  3405 | D:4      | Killed an ogre
  3447 | D:4      | Reached XP level 7. HP: 13/59 MP: 2/2
  3447 | D:4      | Killed from afar by an orc priest

Action                   |  1- 3 |  4- 6 |  7- 9 || total
-------------------------+-------+-------+-------++-------
Melee: Mace              |    68 |   145 |       ||   213
Invok: Trog's Hand       |       |     3 |       ||     3
